 Dungeon Crawl Stone Soup version 0.32-a0-799-g95e1662365 (webtiles) character file.

Game seed: 16674237100167636633

107 pokeman the Magician (level 4, 0/25 HPs)
             Began as a Deep Elf Hedge Wizard on Mar 21, 2024.
             Slain by an orc
             ... wielding a +0 war axe
              (7 damage)
             ... on level 4 of the Dungeon.
             The game lasted 00:05:43 (3019 turns).

pokeman the Magician (Deep Elf Hedge Wizard)        Turns: 3019, Time: 00:05:44

Health: 0/25       AC:  6    Str: 13    XL:     4   Next: 56%
Magic:  6/13       EV: 12    Int: 21    God:
Gold:   62         SH:  0    Dex: 14    Spells: 6/14 levels left

rFire   . . .        q - +0 dagger (venom)
rCold   . . .        (no shield)
rNeg    . . .        b - +0 robe
rPois   .            c - +0 hat
rElec   .            r - +0 cloak
rCorr   .            s - +2 pair of gloves
SInv    .            (no boots)
Will    .....        v - amulet of the acrobat
Stlth   ++           m - +6 ring of strength
HPRegen 0.24/turn    n - ring of wizardry
MPRegen 0.13/turn

%: acrobat, wizardry (x1)
@: no status effects
A: no striking features
a: no special abilities


You were on level 4 of the Dungeon.
You visited 1 branch of the dungeon, and saw 4 of its levels.

You collected 135 gold pieces.
You spent 73 gold pieces at shops.

Inventory:

Hand Weapons
 q - a +0 dagger of venom (weapon)
Armour
 b - a +0 robe (worn)
 c - a +0 hat (worn)
 r - a +0 cloak (worn)
 s - a +2 pair of gloves (worn)
Jewellery
 e - an amulet of faith
 m - a +6 ring of strength (left hand)
 n - a ring of wizardry (right hand)
 o - a +6 ring of strength
 v - an amulet of the acrobat (around neck)
 w - a ring of protection from fire
Scrolls
 g - a scroll of vulnerability {unknown}
 h - 2 scrolls of identify {unknown}
 i - a scroll of noise {unknown}
 k - a scroll of summoning {unknown}
 p - a scroll of teleportation {unknown}
Potions
 a - a potion of attraction {unknown}
 d - 2 potions of magic
 f - a potion of might {unknown}
 j - a potion of heal wounds {unknown}
 l - a potion of resistance {unknown}
 t - 3 potions of curing
 u - a potion of lignification {unknown}


   Skills:
 - Level 1.0 Fighting
 - Level 1.0 Armour
 + Level 2.9 Dodging
 + Level 2.8 Stealth
 * Level 5.7 Spellcasting
 + Level 2.3 Conjurations
 - Level 1.1 Summonings
 - Level 1.1 Translocations


You had 6 spell levels left.
You knew the following spells:

 Your Spells              Type           Power      Damage    Failure   Level
a - Magic Dart            Conj           60%        1d6       1%          1
b - Mephitic Cloud        Conj/Alch/Air  9%         N/A       9%          3
c - Call Imp              Summ           20%        N/A       4%          2
d - Blink                 Tloc           20%        N/A       4%          2

Your spell library contained the following spells:

 Spells                   Type           Power      Damage    Failure   Level
 Apportation              Tloc           20%        N/A       2%          1
 Slow                     Hex            24%        N/A       4%          1
 Cigotuvi's Dreadful Rot  Necr/Alch/Air  12%        N/A       6%          2
 Jinxbite                 Hex            12%        N/A       6%          2
 Dazzling Flash           Conj/Hex       20%        N/A       8%          3
 Sigil of Binding         Hex            6%         N/A       12%         3
 Alistair's Intoxication  Alch           4%         N/A       69%         5
 Curse of Agony           Necr           6%         N/A       69%         5
 Silence                  Hex/Air        3%         N/A       69%         5
 Death Channel            Necr           3%         N/A       99%         6
 Sculpt Simulacrum        Ice/Alch       3%         N/A       99%         6


Dungeon Overview and Level Annotations

Branches:
Dungeon (4/15)
 Temple: D:4-7

Altars:
Makhleb

Shops:
D:3 :*!*?


Message History

Aiming: Magic Dart (safe; 1% risk of failure)
Press: ? - help, Shift-Dir - straight line, f/p - orc
Aim: an orc, wielding a +0 war axe and wearing a +0 scale mail (100% to hit)
The magic dart hits the orc but does no damage.
The orc hits you with a +0 war axe.
Casting: Magic Dart (safe; 1% risk of failure)
Confirm with . or Enter, or press ? or * to list all spells.
Aiming: Magic Dart (safe; 1% risk of failure)
Press: ? - help, Shift-Dir - straight line, f/p - orc
Aim: an orc, wielding a +0 war axe and wearing a +0 scale mail (100% to hit)
The magic dart hits the orc but does no damage.
The orc hits you with a +0 war axe!
Casting: Magic Dart (safe; 1% risk of failure)
Confirm with . or Enter, or press ? or * to list all spells.
Aiming: Magic Dart (safe; 1% risk of failure)
Press: ? - help, Shift-Dir - straight line, f/p - orc
Aim: an orc, wielding a +0 war axe and wearing a +0 scale mail (100% to hit)
The magic dart hits the orc but does no damage.
The orc hits you but does no damage.
Unknown command.
You hit the orc.
The orc is poisoned.
The orc is moderately wounded.
The orc barely misses you. The orc misses you.
You hit the orc.
The orc is poisoned.
The orc is lightly wounded.
The orc hits you but does no damage. The orc hits you with a +0 club.
You closely miss the orc.
The orc is severely wounded.
The orc wizard hits you but does no damage.
The orc hits you but does no damage. The orc barely misses you.
You hit the orc wizard.
The orc wizard is poisoned.
The orc wizard is lightly wounded.
You kill the orc!
The orc wizard hits you with a +0 dagger.
The orc hits you with a +0 war axe!
* * * LOW HITPOINT WARNING * * *
You closely miss the orc wizard.
The orc wizard is moderately wounded.
The orc wizard closely misses you. The orc hits you with a +0 war axe!
You die...

##........
##<).......
##.)).......
##...........
##............
##.............
#+++###..............
#............(##.....
#.##.)@.......# #..<.
#.oo........# #..
#............#
..............#
...)##......#...
...... ......###.
...... ......# ......
......


You could see an orc wizard (very poisoned) and an orc (poisoned).

Vanquished Creatures
  3 adders
  A dart slug (D:2)
  2 ribbon worms
  12 orcs
  7 ball pythons
  3 endoplasms
  3 giant cockroaches
  6 goblins
  4 hobgoblins
  2 kobolds (D:2)
  A quokka (D:3)
  5 bats
  4 frilled lizards
  5 rats
58 creatures vanquished.

Notes
Turn   | Place    | Note
-------+----------+-------------------------------------------
     0 | D:1      | pokeman the Deep Elf Hedge Wizard began the quest for the
                  | Orb.
     0 | D:1      | Reached XP level 1. HP: 10/10 MP: 7/7
   348 | D:1      | Reached XP level 2. HP: 15/15 MP: 7/9
  1147 | D:2      | Reached skill level 5 in Spellcasting
  1272 | D:2      | Reached XP level 3. HP: 20/20 MP: 4/11
  1277 | D:2      | Learned a level 3 spell: Mephitic Cloud
  1280 | D:2      | Learned a level 2 spell: Call Imp
  1283 | D:2      | Learned a level 2 spell: Blink
  1517 | D:2      | Reached skill level 1 in Fighting
  1824 | D:2      | Reached skill level 1 in Armour
  1971 | D:3      | Found Ligecuc's Magic Scroll Emporium.
  2055 | D:3      | Found Ineng's Assorted Antiques.
  2062 | D:3      | Bought a yellow potion for 21 gold pieces
  2097 | D:3      | Found Lefup's Assorted Antiques.
  2105 | D:3      | Found Adeg's Distillery.
  2130 | D:3      | Bought a potion of degeneration for 13 gold pieces
  2130 | D:3      | Bought a potion of curing for 39 gold pieces
  2192 | D:3      | Reached XP level 4. HP: 25/25 MP: 7/13
  2647 | D:3      | Found Quweoga's Book Shop.
  2708 | D:3      | Found a burning altar of Makhleb.
  3019 | D:4      | Slain by an orc

Illustrated notes

Levels and vault maps discovered:
D:1:      roadster_arrival_rocket_small, layout_basic, minmay_tetromino_i2
D:2:      layout_loops_ring, st_stairs_1, dk_noncrumbling_4
D:3:      layout_loops_ring, lightli_temple_of_fire, serial_shops, shop,
          nicolae_diamond_shop, shop, shop, shop
D:4:      layout_layer_cave, mainiacjoe_overflow_24_doors,
          minmay_temple_entry_gardened_gates, serial_park_tiny_2,
          kennysheep_cluttered_room

Skill      XL: |  1  2  3 |
---------------+----------+-----
Spellcasting   | 5 |  5.7
Fighting       | 1 |  1.0
Armour         | 1 |  1.0
Conjurations   | 2 |  2.3
Dodging        | |  2.9
Stealth        | |  2.8
Summonings     | |  1.1
Translocations | |  1.1

Action                     |  1- 3 |  4- 6 || total
---------------------------+-------+-------++-------
  Melee: Dagger            |    15 |     9 ||    24
   Cast: Magic Dart        |    95 |    44 ||   139
         Mephitic Cloud    |     1 |     1 ||     2
   Stab: Confused          |       |     1 ||     1
 Armour: Robe              |    16 |    16 ||    32
  Dodge: Dodged            |    12 |    11 ||    23

Table legend: (Time is in decaauts)
 A = Elapsed time spent in this place.
 B = Non-inter-level travel time spent in this place.
 C = Inter-level travel time spent in this place.
 D = Time resting spent in this place.
 E = Time spent auto-exploring this place.
 F = Levels seen in this place.
 G = Mean time per level.
                   A        B        C        D        E       F      G
               +--------+--------+--------+--------+--------+-----+--------+
         Total |   3016 |   2935 |     81 |     30 |   2585 |   4 |  754.0 |
       Dungeon |   3016 |   2935 |     81 |     30 |   2585 |   4 |  754.0 |
               +--------+--------+--------+--------+--------+-----+--------+

Top non-repeatable levels by time:
     D:2: 1139 daAuts
     D:3: 1018 daAuts
     D:1: 785 daAuts
     D:4: 72 daAuts
